Pick #1

Connor Bedard
Pick #2

Leo Carlsson
Pick #3

Adam Fantilli
Pick #4

Matvei Michkov
Pick #5

David Reinbacher
Pick #6

William Smith
Pick #7

Zachary Benson
Pick #8

Ryan Leonard
Pick #9

Gabriel Perreault
Pick #10

Axel Sandin-Pellika
Pick #11

Daniil But
Pick #12

Dalibor Dvorsky
Pick #13

Quentin Musty
Pick #14

Brayden Yager
Pick #15

Dmitry Simashev
Pick #16

Colby Barlow
Pick #17

Andrew Cristall
Pick #18

Easton Cowan
Pick #19

Jacob Fowler
Pick #20

Oliver Moore
Pick #21

Oliver Bonk
Pick #22

Tom Willander
Pick #23

Calum Ritchie
Pick #24

Tanner Molendyk
Pick #25

Gavin Brindley
Pick #26

Nate Danielson
Pick #27

Pick #28

Pick #29

Pick #30

Pick #31

Pick #32

Pick #33

Pick #34

Pick #35

Pick #36

Pick #37

Pick #38

Pick #39

Pick #40

Pick #41

Pick #42

Pick #43

Pick #44

Pick #45

Pick #46

Pick #47

Pick #48

Pick #49

Pick #50

Pick #51

Pick #52

Pick #53

Pick #54

Pick #55

Pick #56

Pick #57

Pick #58

Pick #59

Pick #60

Pick #61

Pick #62

Pick #63

Pick #64

Pick #65

Pick #66

Pick #67

Pick #68

Pick #69

Pick #70

Pick #71

Pick #72

Pick #73

Pick #74

Pick #75

Pick #76

Pick #77

Pick #78

Pick #79

Pick #80

Pick #81

Pick #82

Pick #83

Pick #84

Pick #85

Pick #86

Pick #87

Pick #88

Pick #89

Pick #90

Pick #91

Pick #92

Pick #93

Pick #94

Pick #95

Pick #96

Pick #97

Pick #98

Pick #99

Pick #100

Pick #101

Pick #102

Pick #103

Pick #104

Pick #105

Pick #106

Pick #107

Pick #108

Pick #109

Pick #110

Pick #111

Pick #112

Pick #113

Pick #114

Pick #115

Pick #116

Pick #117

Pick #118

Pick #119

Pick #120

Pick #121

Pick #122

Pick #123

Pick #124

Pick #125

Pick #126

Pick #127

Pick #128

Pick #129

Pick #130

Full Scoreboard »»

Avalanche vs BlackHawks

Created - October 15, 2023 at 20:53

Goals
1 2 3 OT1 T
Avalanche 0 1 1 1 3
BlackHawks 1 0 1 0 2
Shots
1 2 3 OT1 T
Avalanche 14 12 13 2 41
BlackHawks 6 7 6 0 19

GoalsPenalties
1st period
1. BlackHawks , Ty Dellandrea 1 (Dylan Holloway 1, Jordan Martinook 1) at 4:40
Haydn Fleury (CHI) for Hooking (Minor) at 18:25
2nd period
2. Avalanche , Mikko Rantanen 2 (Tim Stutzle 1, Josh Norris 1) at 1:02
Justin Braun (CHI) for Roughing (Minor) at 5:24
Owen Tippett (COL) for High sticking (Minor) at 7:44
Derek Forbort (CHI) for Tripping (Minor) at 12:18
3rd period
3. Avalanche , Max Pacioretty 2 (Troy Terry 2, Nick Blankenburg 1) at 6:44
4. BlackHawks , Jaden Schwartz 1 (Anders Lee 4, Tyler Seguin 3) at 11:48
Tim Stutzle (COL) for Tripping (Minor) at 7:12
Nick Blankenburg (COL) for Goalie Interference (Minor) at 19:17
Overtime #1
5. Avalanche , Mikko Rantanen 3 (Tim Stutzle 2, Travis Sanheim 3) at 1:38
No Penalty
Goalie Stats
Stuart Skinner (COL), 17 saves from 19 shots - (0.895), W, 1-0-0, 61:39 minutes
Casey DeSmith (CHI), 38 saves from 41 shots - (0.927), OTL, 0-0-1, 61:39 minutes
3 StarsOfficial
1 - Mikko Rantanen (COL)
2 - Tim Stutzle (COL)
3 - Max Pacioretty (COL)
Referees : Brandon Blandina and Justin Kea
Linesman : Luke Galvin and Jesse Marquis
Game Note
No Game Note
Finance
Level 1 -- Attendance: 2753 (42.35%) -- Ticket Income $688,250
Level 2 -- Attendance: 1795 (35.90%) -- Ticket Income $359,000
Level 3 -- Attendance: 1221 (34.89%) -- Ticket Income $213,675
Level 4 -- Attendance: 777 (20.90%) -- Ticket Income $116,550
Luxury Box -- Attendance: 490 (49.00%) -- Ticket Income $196,000
Game was played at the United Center.
Total Attendance: 7036 (35.68%)
Total Ticket Income: $1,573,475
Other Income: $393,369
Total Income: $1,966,844



Team Name Goals Shots Shots Attemp Shots Blocked PIM HIT PP PK FO%
Avalanche 3416926200 / 3 (0%)052%
BlackHawks 2193786290 / 3 (0%)048%

Avalanche
Player Name POS G A P +/- PIM HIT SHT SB MP PP MP PP SHT PK MP PK SHT FO% FOT
Adam HenriqueC000-1013015:580:0003:43050% 22
Arber XhekajD0001000115:190:0000:0000% 0
Blake WheelerRW000-1023012:150:0000:0000% 0
Colton ParaykoD000-1020025:533:0403:4400% 0
Dillon DubeC000000307:530:0003:431100% 1
Jonathan ToewsC0000013019:412:1412:05062% 21
Josh NorrisC0111000021:193:4300:00054% 24
Max PaciorettyLW1010025017:362:1400:0000% 1
Mike MathesonD000-1012025:533:0423:4400% 0
Mikko RantanenRW2022026021:413:4320:0000% 1
Nick BlankenburgD0111201015:180:0000:0000% 0
Owen TippettRW000020104:330:0000:2400% 0
Patrik LaineLW000-1012012:150:0000:0000% 1
Ross ColtonC000001004:100:0000:00050% 4
Tim StutzleLW0222228022:223:4320:42060% 5
Travis SanheimD0111010120:272:5302:1300% 0
Troy TerryRW0110014017:362:1410:0000% 2
Tyler MyersD0000030020:052:5302:1300% 0
BlackHawks
Player Name POS G A P +/- PIM HIT SHT SB MP PP MP PP SHT PK MP PK SHT FO% FOT
Anders LeeLW0111025018:191:4111:1700% 1
Andrei KuzmenkoLW000-2002019:492:5900:0000% 0
Braden SchneiderD0000050221:171:4102:2200% 0
Derek ForbortD0001230119:461:4101:1400% 0
Dylan HollowayLW0110010012:150:0000:0000% 1
Haydn FleuryD000-1210114:360:0000:0000% 0
Ivan BarbashevC000-1020024:592:5904:40053% 40
Jaden SchwartzC1011013116:371:4120:000100% 1
Jordan MartinookLW0110001112:150:0000:0000% 0
Justin BraunD000-1210015:160:0000:4000% 0
Lawson CrouseLW000-1033024:592:5924:40067% 3
Marc-Edouard VlasicD0000050026:132:5904:0300% 0
Max ComtoisLW000001105:440:0000:0000% 0
Nick LeddyD0000011125:452:5913:3500% 0
Nick RitchieLW000000005:440:0000:0000% 0
Ryan DonatoC000000015:440:0000:00060% 5
Ty DellandreaC1010031012:150:0000:00033% 9
Tyler SeguinC0110002018:411:4101:17041% 22



Play-by-Play

1st period


0:01 of 1st period - Ivan Barbashev wins face-off versus Josh Norris in neutral zone.
0:06 of 1st period - Josh Norris is hit by Ivan Barbashev.
0:13 of 1st period - Ivan Barbashev is hit by Mikko Rantanen and loses puck.
0:18 of 1st period - Shot by Tim Stutzle.
0:18 of 1st period - Stopped by Casey DeSmith without a rebound.
0:19 of 1st period - Tyler Seguin wins face-off versus Troy Terry in BlackHawks zone.
0:19 of 1st period - Tyler Seguin is hit by Troy Terry.
0:26 of 1st period - Shot by Jonathan Toews.
0:26 of 1st period - Shot Misses the Net.
0:28 of 1st period - Shot by Jonathan Toews.
0:28 of 1st period - Stopped by Casey DeSmith without a rebound.
0:29 of 1st period - Adam Henrique wins face-off versus Ty Dellandrea in BlackHawks zone.
0:29 of 1st period - Arber Xhekaj is hit by Haydn Fleury and loses puck.
1:09 of 1st period - Shot by Patrik Laine.
1:09 of 1st period - Deflect By Adam Henrique.
1:09 of 1st period - Stopped by Casey DeSmith without a rebound.
1:10 of 1st period - Jonathan Toews wins face-off versus Tyler Seguin in BlackHawks zone.
1:10 of 1st period - Travis Sanheim is hit by Braden Schneider and loses puck.
1:27 of 1st period - Max Pacioretty is hit by Derek Forbort.
1:39 of 1st period - Shot by Troy Terry.
1:39 of 1st period - Shot Misses the Net.
1:41 of 1st period - Shot by Jonathan Toews.
1:41 of 1st period - Shot Misses the Net.
2:06 of 1st period - Icing by Max Pacioretty.
2:07 of 1st period - Jonathan Toews wins face-off versus Ivan Barbashev in Avalanche zone.
2:09 of 1st period - Icing by Max Pacioretty.
2:10 of 1st period - Jonathan Toews wins face-off versus Ivan Barbashev in Avalanche zone.
2:50 of 1st period - Shot by Andrei Kuzmenko.
2:50 of 1st period - Shot Misses the Net.
4:15 of 1st period - Tyler Myers is hit by Anders Lee and loses puck.
4:22 of 1st period - Shot by Tyler Seguin.
4:22 of 1st period - Stopped by Stuart Skinner without a rebound.
4:23 of 1st period - Jonathan Toews wins face-off versus Ty Dellandrea in Avalanche zone.
4:23 of 1st period - Jonathan Toews is hit by Ty Dellandrea.
4:36 of 1st period - Shot by Ty Dellandrea.
4:36 of 1st period - Shot Misses the Net.
4:38 of 1st period - Shot by Dylan Holloway.
4:38 of 1st period - Shot Misses the Net.
4:40 of 1st period - Shot by Ty Dellandrea.
4:40 of 1st period - Goal by Ty Dellandrea - Avalanche : 0 - BlackHawks : 1.
4:41 of 1st period - Josh Norris wins face-off versus Ivan Barbashev in neutral zone.
4:48 of 1st period - Shot by Tim Stutzle.
4:48 of 1st period - Stopped by Casey DeSmith without a rebound.
4:49 of 1st period - Josh Norris wins face-off versus Ivan Barbashev in BlackHawks zone.
4:55 of 1st period - Icing by Marc-Edouard Vlasic.
4:56 of 1st period - Josh Norris wins face-off versus Ivan Barbashev in BlackHawks zone.
5:02 of 1st period - Mikko Rantanen is hit by Nick Leddy and loses puck.
5:27 of 1st period - Shot by Lawson Crouse.
5:27 of 1st period - Deflect By Andrei Kuzmenko.
5:27 of 1st period - Stopped by Stuart Skinner without a rebound.
5:28 of 1st period - Adam Henrique wins face-off versus Tyler Seguin in Avalanche zone.
5:33 of 1st period - Tyler Seguin is hit by Patrik Laine.
5:54 of 1st period - Jaden Schwartz is hit by Tyler Myers and loses puck.
6:04 of 1st period - Anders Lee is hit by Travis Sanheim.
6:08 of 1st period - Shot by Jaden Schwartz.
6:08 of 1st period - Deflect By Tyler Seguin.
6:08 of 1st period - Shot Blocked by Travis Sanheim.
7:58 of 1st period - Jonathan Toews is hit by Braden Schneider and loses puck.
8:18 of 1st period - Icing by Travis Sanheim.
8:19 of 1st period - Ross Colton wins face-off versus Tyler Seguin in Avalanche zone.
8:23 of 1st period - Tyler Myers is hit by Marc-Edouard Vlasic and loses puck.
8:57 of 1st period - Shot by Dillon Dube.
8:57 of 1st period - Stopped by Casey DeSmith without a rebound.
8:58 of 1st period - Josh Norris wins face-off versus Ivan Barbashev in BlackHawks zone.
9:08 of 1st period - Josh Norris is hit by Braden Schneider and loses puck.
9:13 of 1st period - Shot by Josh Norris.
9:13 of 1st period - Shot Misses the Net.
9:59 of 1st period - Shot by Troy Terry.
9:59 of 1st period - Shot Misses the Net.
10:01 of 1st period - Shot by Arber Xhekaj.
10:01 of 1st period - Deflect By Max Pacioretty.
10:01 of 1st period - Shot Misses the Net.
10:03 of 1st period - Shot by Nick Blankenburg.
10:03 of 1st period - Stopped by Casey DeSmith without a rebound.
10:04 of 1st period - Adam Henrique wins face-off versus Tyler Seguin in BlackHawks zone.
10:11 of 1st period - Shot by Tyler Seguin.
10:11 of 1st period - Stopped by Stuart Skinner without a rebound.
10:12 of 1st period - Adam Henrique wins face-off versus Ty Dellandrea in Avalanche zone.
10:14 of 1st period - Patrik Laine is hit by Ty Dellandrea and loses puck.
11:08 of 1st period - Jaden Schwartz is hit by Adam Henrique and loses puck.
11:20 of 1st period - Haydn Fleury is hit by Max Pacioretty and loses puck.
11:34 of 1st period - Colton Parayko is hit by Anders Lee and loses puck.
12:10 of 1st period - Shot by Ivan Barbashev.
12:10 of 1st period - Shot Misses the Net.
12:47 of 1st period - Icing by Mike Matheson.
12:48 of 1st period - Jonathan Toews wins face-off versus Ty Dellandrea in Avalanche zone.
14:01 of 1st period - Shot by Adam Henrique.
14:01 of 1st period - Shot Misses the Net.
14:07 of 1st period - Shot by Patrik Laine.
14:07 of 1st period - Stopped by Casey DeSmith without a rebound.
14:08 of 1st period - Ivan Barbashev wins face-off versus Ross Colton in BlackHawks zone.
14:19 of 1st period - Shot by Lawson Crouse.
14:19 of 1st period - Stopped by Stuart Skinner without a rebound.
14:20 of 1st period - Adam Henrique wins face-off versus Tyler Seguin in Avalanche zone.
14:54 of 1st period - Shot by Anders Lee.
14:54 of 1st period - Stopped by Stuart Skinner without a rebound.
14:55 of 1st period - Ivan Barbashev wins face-off versus Josh Norris in Avalanche zone.
14:55 of 1st period - Andrei Kuzmenko is hit by Colton Parayko and loses puck.
15:08 of 1st period - Shot by Mikko Rantanen.
15:08 of 1st period - Stopped by Casey DeSmith without a rebound.
15:09 of 1st period - Jonathan Toews wins face-off versus Ryan Donato in BlackHawks zone.
15:16 of 1st period - Shot by Troy Terry.
15:16 of 1st period - Stopped by Casey DeSmith with a rebound.
15:26 of 1st period - Shot by Jonathan Toews.
15:26 of 1st period - Stopped by Casey DeSmith without a rebound.
15:27 of 1st period - Josh Norris wins face-off versus Ivan Barbashev in BlackHawks zone.
16:44 of 1st period - Icing by Jaden Schwartz.
16:45 of 1st period - Adam Henrique wins face-off versus Anders Lee in BlackHawks zone.
17:54 of 1st period - Shot by Max Pacioretty.
17:54 of 1st period - Stopped by Casey DeSmith without a rebound.
17:55 of 1st period - Josh Norris wins face-off versus Ryan Donato in BlackHawks zone.
18:25 of 1st period - Minor Penalty to Haydn Fleury for Hooking.
18:26 of 1st period - Ivan Barbashev wins face-off versus Max Pacioretty in BlackHawks zone.
19:03 of 1st period - Shot by Troy Terry.
19:03 of 1st period - Stopped by Casey DeSmith without a rebound.
19:04 of 1st period - Tim Stutzle wins face-off versus Lawson Crouse in BlackHawks zone.
19:11 of 1st period - Shot by Mikko Rantanen.
19:11 of 1st period - Stopped by Casey DeSmith without a rebound.
19:12 of 1st period - Ivan Barbashev wins face-off versus Josh Norris in BlackHawks zone.
19:21 of 1st period - Shot by Mike Matheson.
19:21 of 1st period - Shot Misses the Net.
19:23 of 1st period - Shot by Mike Matheson.
19:23 of 1st period - Stopped by Casey DeSmith with a rebound.
19:58 of 1st period - Tim Stutzle is hit by Marc-Edouard Vlasic and loses puck.
Goals for this period are 0 for Avalanche vs 1 for BlackHawks.
Shots for this period are 14 for Avalanche vs 6 for BlackHawks.

2nd period


0:01 of 2nd period - Lawson Crouse wins face-off versus Josh Norris in neutral zone.
0:10 of 2nd period - Shot by Mike Matheson.
0:10 of 2nd period - Shot Blocked by Braden Schneider.
0:12 of 2nd period - Shot by Mike Matheson.
0:12 of 2nd period - Stopped by Casey DeSmith without a rebound.
0:13 of 2nd period - Jonathan Toews wins face-off versus Ivan Barbashev in BlackHawks zone.
0:36 of 2nd period - Justin Braun is hit by Tim Stutzle and loses puck.
0:47 of 2nd period - Shot by Tim Stutzle.
0:47 of 2nd period - Stopped by Casey DeSmith with a rebound.
0:54 of 2nd period - Shot by Tim Stutzle.
0:54 of 2nd period - Shot Hit the Post.
1:00 of 2nd period - Shot by Josh Norris.
1:00 of 2nd period - Shot Blocked by Haydn Fleury.
1:02 of 2nd period - Shot by Tim Stutzle.
1:02 of 2nd period - Deflect By Mikko Rantanen.
1:02 of 2nd period - Goal by Mikko Rantanen - Avalanche : 1 - BlackHawks : 1.
1:03 of 2nd period - Ivan Barbashev wins face-off versus Jonathan Toews in neutral zone.
1:06 of 2nd period - Max Pacioretty is hit by Ivan Barbashev and loses puck.
2:21 of 2nd period - Shot by Anders Lee.
2:21 of 2nd period - Shot Misses the Net.
3:00 of 2nd period - Ty Dellandrea is hit by Tyler Myers and loses puck.
3:17 of 2nd period - Patrik Laine is hit by Ty Dellandrea and loses puck.
3:48 of 2nd period - Shot by Ryan Donato.
3:48 of 2nd period - Deflect By Max Comtois.
3:48 of 2nd period - Stopped by Stuart Skinner without a rebound.
3:49 of 2nd period - Ivan Barbashev wins face-off versus Ross Colton in Avalanche zone.
4:19 of 2nd period - Colton Parayko is hit by Marc-Edouard Vlasic and loses puck.
4:44 of 2nd period - Shot by Jaden Schwartz.
4:44 of 2nd period - Deflect By Anders Lee.
4:44 of 2nd period - Stopped by Stuart Skinner with a rebound.
4:49 of 2nd period - Colton Parayko is hit by Derek Forbort and loses puck.
4:57 of 2nd period - Icing by Derek Forbort.
4:58 of 2nd period - Tyler Seguin wins face-off versus Mikko Rantanen in BlackHawks zone.
5:11 of 2nd period - Shot by Anders Lee.
5:11 of 2nd period - Stopped by Stuart Skinner without a rebound.
5:12 of 2nd period - Ryan Donato wins face-off versus Troy Terry in Avalanche zone.
5:17 of 2nd period - Shot by Ryan Donato.
5:17 of 2nd period - Shot Blocked by Arber Xhekaj.
5:24 of 2nd period - Minor Penalty to Justin Braun for Roughing.
5:25 of 2nd period - Ivan Barbashev wins face-off versus Tim Stutzle in BlackHawks zone.
5:45 of 2nd period - Mikko Rantanen is hit by Derek Forbort and loses puck.
6:00 of 2nd period - Shot by Josh Norris.
6:00 of 2nd period - Shot Blocked by Nick Leddy.
6:48 of 2nd period - Shot by Jonathan Toews.
6:48 of 2nd period - Stopped by Casey DeSmith without a rebound.
6:49 of 2nd period - Tyler Seguin wins face-off versus Josh Norris in BlackHawks zone.
6:49 of 2nd period - Tyler Seguin is hit by Tim Stutzle.
6:59 of 2nd period - Marc-Edouard Vlasic is hit by Mikko Rantanen and loses puck.
7:44 of 2nd period - Minor Penalty to Owen Tippett for High sticking.
7:45 of 2nd period - Adam Henrique wins face-off versus Tyler Seguin in Avalanche zone.
8:00 of 2nd period - Shot by Jaden Schwartz.
8:00 of 2nd period - Stopped by Stuart Skinner without a rebound.
8:01 of 2nd period - Ivan Barbashev wins face-off versus Adam Henrique in Avalanche zone.
8:44 of 2nd period - Shot by Lawson Crouse.
8:44 of 2nd period - Stopped by Stuart Skinner without a rebound.
8:45 of 2nd period - Adam Henrique wins face-off versus Tyler Seguin in Avalanche zone.
9:12 of 2nd period - Shot by Jaden Schwartz.
9:12 of 2nd period - Stopped by Stuart Skinner without a rebound.
9:13 of 2nd period - Ivan Barbashev wins face-off versus Adam Henrique in Avalanche zone.
9:37 of 2nd period - Icing by Nick Leddy.
9:38 of 2nd period - Jonathan Toews wins face-off versus Ivan Barbashev in BlackHawks zone.
9:42 of 2nd period - Tim Stutzle is hit by Marc-Edouard Vlasic and loses puck.
9:46 of 2nd period - Icing by Jaden Schwartz.
9:47 of 2nd period - Tyler Seguin wins face-off versus Josh Norris in BlackHawks zone.
9:52 of 2nd period - Shot by Anders Lee.
9:52 of 2nd period - Shot Misses the Net.
10:12 of 2nd period - Shot by Josh Norris.
10:12 of 2nd period - Shot Blocked by Derek Forbort.
10:54 of 2nd period - Shot by Jordan Martinook.
10:54 of 2nd period - Shot Misses the Net.
11:00 of 2nd period - Travis Sanheim is hit by Dylan Holloway and loses puck.
11:49 of 2nd period - Shot by Adam Henrique.
11:49 of 2nd period - Stopped by Casey DeSmith with a rebound.
11:51 of 2nd period - Shot by Blake Wheeler.
11:51 of 2nd period - Stopped by Casey DeSmith without a rebound.
11:52 of 2nd period - Dillon Dube wins face-off versus Ivan Barbashev in BlackHawks zone.
11:57 of 2nd period - Shot by Dillon Dube.
11:57 of 2nd period - Deflect By Owen Tippett.
11:57 of 2nd period - Stopped by Casey DeSmith without a rebound.
11:58 of 2nd period - Ivan Barbashev wins face-off versus Adam Henrique in BlackHawks zone.
12:18 of 2nd period - Minor Penalty to Derek Forbort for Tripping.
12:19 of 2nd period - Tim Stutzle wins face-off versus Ivan Barbashev in BlackHawks zone.
12:19 of 2nd period - Tim Stutzle is hit by Braden Schneider.
12:23 of 2nd period - Shot by Mikko Rantanen.
12:23 of 2nd period - Stopped by Casey DeSmith without a rebound.
12:24 of 2nd period - Josh Norris wins face-off versus Ivan Barbashev in BlackHawks zone.
12:25 of 2nd period - Shot by Tim Stutzle.
12:25 of 2nd period - Stopped by Casey DeSmith without a rebound.
12:26 of 2nd period - Josh Norris wins face-off versus Ivan Barbashev in BlackHawks zone.
12:41 of 2nd period - Shot by Tim Stutzle.
12:41 of 2nd period - Stopped by Casey DeSmith without a rebound.
12:42 of 2nd period - Ivan Barbashev wins face-off versus Jonathan Toews in BlackHawks zone.
12:42 of 2nd period - Ivan Barbashev is hit by Max Pacioretty.
14:20 of 2nd period - Icing by Justin Braun.
14:21 of 2nd period - Ryan Donato wins face-off versus Patrik Laine in BlackHawks zone.
14:58 of 2nd period - Shot by Max Comtois.
14:58 of 2nd period - Shot Misses the Net.
15:27 of 2nd period - Icing by Nick Leddy.
15:28 of 2nd period - Josh Norris wins face-off versus Tyler Seguin in BlackHawks zone.
15:39 of 2nd period - Icing by Colton Parayko.
15:40 of 2nd period - Josh Norris wins face-off versus Ivan Barbashev in Avalanche zone.
16:57 of 2nd period - Off-side.
16:58 of 2nd period - Adam Henrique wins face-off versus Ty Dellandrea in neutral zone.
17:07 of 2nd period - Shot by Adam Henrique.
17:07 of 2nd period - Stopped by Casey DeSmith with a rebound.
17:39 of 2nd period - Icing by Ty Dellandrea.
17:40 of 2nd period - Ty Dellandrea wins face-off versus Josh Norris in BlackHawks zone.
18:51 of 2nd period - Shot by Andrei Kuzmenko.
18:51 of 2nd period - Stopped by Stuart Skinner without a rebound.
18:52 of 2nd period - Jonathan Toews wins face-off versus Tyler Seguin in Avalanche zone.
19:12 of 2nd period - Shot by Max Pacioretty.
19:12 of 2nd period - Stopped by Casey DeSmith without a rebound.
19:13 of 2nd period - Ivan Barbashev wins face-off versus Adam Henrique in BlackHawks zone.
19:38 of 2nd period - Nick Leddy is hit by Blake Wheeler and loses puck.
19:42 of 2nd period - Icing by Nick Leddy.
19:43 of 2nd period - Jonathan Toews wins face-off versus Ivan Barbashev in BlackHawks zone.
Goals for this period are 1 for Avalanche vs 0 for BlackHawks.
Shots for this period are 12 for Avalanche vs 7 for BlackHawks.

3rd period


0:01 of 3rd period - Lawson Crouse wins face-off versus Jonathan Toews in neutral zone.
0:03 of 3rd period - Off-side.
0:04 of 3rd period - Ivan Barbashev wins face-off versus Jonathan Toews in neutral zone.
0:40 of 3rd period - Shot by Jonathan Toews.
0:40 of 3rd period - Deflect By Troy Terry.
0:40 of 3rd period - Stopped by Casey DeSmith without a rebound.
0:41 of 3rd period - Tyler Seguin wins face-off versus Josh Norris in BlackHawks zone.
1:01 of 3rd period - Tyler Myers is hit by Braden Schneider.
1:32 of 3rd period - Braden Schneider is hit by Tyler Myers and loses puck.
3:17 of 3rd period - Adam Henrique is hit by Max Comtois and loses puck.
4:10 of 3rd period - Shot by Jordan Martinook.
4:10 of 3rd period - Stopped by Stuart Skinner without a rebound.
4:11 of 3rd period - Tyler Seguin wins face-off versus Jonathan Toews in Avalanche zone.
4:32 of 3rd period - Jonathan Toews is hit by Jaden Schwartz.
4:36 of 3rd period - Shot by Max Pacioretty.
4:36 of 3rd period - Stopped by Casey DeSmith without a rebound.
4:37 of 3rd period - Josh Norris wins face-off versus Dylan Holloway in BlackHawks zone.
4:46 of 3rd period - Shot by Mikko Rantanen.
4:46 of 3rd period - Shot Misses the Net.
4:56 of 3rd period - Shot by Tim Stutzle.
4:56 of 3rd period - Shot Misses the Net.
4:58 of 3rd period - Shot by Tyler Myers.
4:58 of 3rd period - Shot Misses the Net.
5:10 of 3rd period - Shot by Mikko Rantanen.
5:10 of 3rd period - Shot Misses the Net.
5:38 of 3rd period - Icing by Ty Dellandrea.
5:39 of 3rd period - Ross Colton wins face-off versus Ty Dellandrea in BlackHawks zone.
5:40 of 3rd period - Shot by Mike Matheson.
5:40 of 3rd period - Shot Misses the Net.
5:56 of 3rd period - Shot by Dillon Dube.
5:56 of 3rd period - Shot Misses the Net.
6:02 of 3rd period - Shot by Dillon Dube.
6:02 of 3rd period - Stopped by Casey DeSmith without a rebound.
6:03 of 3rd period - Ivan Barbashev wins face-off versus Jonathan Toews in BlackHawks zone.
6:44 of 3rd period - Shot by Max Pacioretty.
6:44 of 3rd period - Goal by Max Pacioretty - Avalanche : 2 - BlackHawks : 1.
6:45 of 3rd period - Jaden Schwartz wins face-off versus Josh Norris in neutral zone.
7:12 of 3rd period - Minor Penalty to Tim Stutzle for Tripping.
7:13 of 3rd period - Ivan Barbashev wins face-off versus Adam Henrique in Avalanche zone.
7:43 of 3rd period - Shot by Nick Leddy.
7:43 of 3rd period - Stopped by Stuart Skinner with a rebound.
8:30 of 3rd period - Off-side.
8:31 of 3rd period - Ivan Barbashev wins face-off versus Adam Henrique in neutral zone.
8:36 of 3rd period - Shot by Nick Leddy.
8:36 of 3rd period - Shot Misses the Net.
8:59 of 3rd period - Shot by Ivan Barbashev.
8:59 of 3rd period - Shot Misses the Net.
9:33 of 3rd period - Shot by Josh Norris.
9:33 of 3rd period - Shot Blocked by Ryan Donato.
9:35 of 3rd period - Shot by Arber Xhekaj.
9:35 of 3rd period - Shot Misses the Net.
9:37 of 3rd period - Shot by Mikko Rantanen.
9:37 of 3rd period - Stopped by Casey DeSmith without a rebound.
9:38 of 3rd period - Jonathan Toews wins face-off versus Tyler Seguin in BlackHawks zone.
9:41 of 3rd period - Shot by Troy Terry.
9:41 of 3rd period - Stopped by Casey DeSmith without a rebound.
9:42 of 3rd period - Tyler Seguin wins face-off versus Jonathan Toews in BlackHawks zone.
10:01 of 3rd period - Shot by Anders Lee.
10:01 of 3rd period - Stopped by Stuart Skinner with a rebound.
10:18 of 3rd period - Icing by Braden Schneider.
10:19 of 3rd period - Josh Norris wins face-off versus Tyler Seguin in BlackHawks zone.
10:20 of 3rd period - Shot by Tim Stutzle.
10:20 of 3rd period - Stopped by Casey DeSmith without a rebound.
10:21 of 3rd period - Ivan Barbashev wins face-off versus Josh Norris in BlackHawks zone.
10:26 of 3rd period - Shot by Marc-Edouard Vlasic.
10:26 of 3rd period - Shot Misses the Net.
11:00 of 3rd period - Mike Matheson is hit by Lawson Crouse and loses puck.
11:05 of 3rd period - Shot by Andrei Kuzmenko.
11:05 of 3rd period - Shot Misses the Net.
11:16 of 3rd period - Off-side.
11:17 of 3rd period - Tyler Seguin wins face-off versus Adam Henrique in neutral zone.
11:38 of 3rd period - Shot by Anders Lee.
11:38 of 3rd period - Shot Misses the Net.
11:48 of 3rd period - Shot by Jaden Schwartz.
11:48 of 3rd period - Goal by Jaden Schwartz - Avalanche : 2 - BlackHawks : 2.
11:49 of 3rd period - Ryan Donato wins face-off versus Jonathan Toews in neutral zone.
12:32 of 3rd period - Shot by Max Comtois.
12:32 of 3rd period - Shot Misses the Net.
12:42 of 3rd period - Nick Blankenburg is hit by Lawson Crouse.
13:21 of 3rd period - Icing by Marc-Edouard Vlasic.
13:22 of 3rd period - Adam Henrique wins face-off versus Ivan Barbashev in BlackHawks zone.
13:22 of 3rd period - Blake Wheeler is hit by Marc-Edouard Vlasic and loses puck.
13:39 of 3rd period - Shot by Patrik Laine.
13:39 of 3rd period - Stopped by Casey DeSmith without a rebound.
13:40 of 3rd period - Josh Norris wins face-off versus Tyler Seguin in BlackHawks zone.
13:55 of 3rd period - Shot by Anders Lee.
13:55 of 3rd period - Shot Misses the Net.
14:02 of 3rd period - Icing by Mike Matheson.
14:03 of 3rd period - Ty Dellandrea wins face-off versus Tim Stutzle in Avalanche zone.
14:03 of 3rd period - Haydn Fleury is hit by Mike Matheson and loses puck.
14:23 of 3rd period - Tim Stutzle is hit by Justin Braun and loses puck.
14:36 of 3rd period - Shot by Tim Stutzle.
14:36 of 3rd period - Shot Blocked by Jordan Martinook.
14:47 of 3rd period - Ty Dellandrea is hit by Blake Wheeler and loses puck.
15:14 of 3rd period - Shot by Blake Wheeler.
15:14 of 3rd period - Stopped by Casey DeSmith without a rebound.
15:15 of 3rd period - Jonathan Toews wins face-off versus Tyler Seguin in BlackHawks zone.
15:16 of 3rd period - Shot by Troy Terry.
15:16 of 3rd period - Deflect By Max Pacioretty.
15:16 of 3rd period - Stopped by Casey DeSmith with a rebound.
15:38 of 3rd period - Shot by Max Pacioretty.
15:38 of 3rd period - Shot Misses the Net.
15:40 of 3rd period - Shot by Arber Xhekaj.
15:40 of 3rd period - Shot Blocked by Jaden Schwartz.
16:02 of 3rd period - Derek Forbort is hit by Jonathan Toews and loses puck.
16:57 of 3rd period - Shot by Mikko Rantanen.
16:57 of 3rd period - Shot Misses the Net.
17:12 of 3rd period - Icing by Colton Parayko.
17:13 of 3rd period - Ty Dellandrea wins face-off versus Josh Norris in Avalanche zone.
17:13 of 3rd period - Justin Braun is hit by Colton Parayko and loses puck.
17:32 of 3rd period - Shot by Tim Stutzle.
17:32 of 3rd period - Shot Misses the Net.
17:34 of 3rd period - Shot by Tim Stutzle.
17:34 of 3rd period - Stopped by Casey DeSmith with a rebound.
17:46 of 3rd period - Shot by Ty Dellandrea.
17:46 of 3rd period - Shot Misses the Net.
18:34 of 3rd period - Shot by Blake Wheeler.
18:34 of 3rd period - Stopped by Casey DeSmith with a rebound.
19:08 of 3rd period - Andrei Kuzmenko is hit by Ross Colton.
19:17 of 3rd period - Minor Penalty to Nick Blankenburg for Goalie Interference.
19:18 of 3rd period - Ivan Barbashev wins face-off versus Adam Henrique in Avalanche zone.
19:19 of 3rd period - Shot by Lawson Crouse.
19:19 of 3rd period - Stopped by Stuart Skinner without a rebound.
19:20 of 3rd period - Ivan Barbashev wins face-off versus Adam Henrique in Avalanche zone.
19:37 of 3rd period - Shot by Dillon Dube.
19:37 of 3rd period - Stopped by Casey DeSmith without a rebound.
19:38 of 3rd period - Tyler Seguin wins face-off versus Adam Henrique in BlackHawks zone.
19:47 of 3rd period - Shot by Anders Lee.
19:47 of 3rd period - Stopped by Stuart Skinner without a rebound.
19:48 of 3rd period - Ivan Barbashev wins face-off versus Adam Henrique in Avalanche zone.
19:58 of 3rd period - Off-side.
19:59 of 3rd period - Adam Henrique wins face-off versus Ivan Barbashev in neutral zone.
19:59 of 3rd period - Mike Matheson is hit by Lawson Crouse and loses puck.
Goals for this period are 1 for Avalanche vs 1 for BlackHawks.
Shots for this period are 13 for Avalanche vs 6 for BlackHawks.

Overtime #1


0:01 of 1st overtime period - Jonathan Toews wins face-off versus Ivan Barbashev in neutral zone.
1:14 of 1st overtime period - Off-side.
1:15 of 1st overtime period - Tim Stutzle wins face-off versus Ivan Barbashev in neutral zone.
1:28 of 1st overtime period - Shot by Tim Stutzle.
1:28 of 1st overtime period - Stopped by Casey DeSmith with a rebound.
1:30 of 1st overtime period - Shot by Mikko Rantanen.
1:30 of 1st overtime period - Deflect By Tim Stutzle.
1:30 of 1st overtime period - Shot Blocked by Braden Schneider.
1:36 of 1st overtime period - Shot by Tim Stutzle.
1:36 of 1st overtime period - Shot Misses the Net.
1:38 of 1st overtime period - Shot by Mikko Rantanen.
1:38 of 1st overtime period - Goal by Mikko Rantanen - Avalanche : 3 - BlackHawks : 2.
Goals for this period are 1 for Avalanche vs 0 for BlackHawks.
Shots for this period are 2 for Avalanche vs 0 for BlackHawks.